 Dungeon Crawl Stone Soup version 0.31.0-11-ge490571c62 (webtiles) character file.

Game seed: 15567634045151101299

178 Strat the Cutter (level 5, -1/29 HPs)
             Began as a Vine Stalker Fighter on Jan 30, 2024.
             Killed by psychic fangs
             ... invoked by a brain worm
              (10 damage)
             ... in a sewer.
             The game lasted 00:06:15 (1317 turns).

Strat the Cutter (Vine Stalker Fighter)             Turns: 1317, Time: 00:06:16

Health: -1/29      AC:  8    Str: 19    XL:     5   Next: 58%
Magic:  0/6        EV:  9    Int:  8    God:
Gold:   140        SH:  5    Dex: 15    Spells: 4/4 levels left

rFire   . . .        a - +0 rapier
rCold   . . .        c - +0 buckler
rNeg    . . .        b - +0 scale mail
rPois   .            (no helmet)
rElec   .            (no cloak)
rCorr   .            w - +0 pair of gloves
SInv    .            e - +0 pair of boots
Will    +....        (no amulet) Stlth
                     p - ring of Xosaef {Will+ Slay+4}
HPRegen 1.04/turn    (no ring)
MPRegen 0.10/turn

%: guardian spirit
@: very slow
A: fangs 2, regeneration 1, magic shield, antimagic bite, no potion heal 2
a: no special abilities


You were in a sewer.
You visited 1 branch of the dungeon, and saw 4 of its levels.
You also visited: Sewer.

You collected 140 gold pieces.

Inventory:

Hand Weapons
 a - a +0 rapier (weapon)
 i - the +5 mace of Gyfetwam {freeze, rPois}
   (You found it on level 2 of the Dungeon)

   rPois:     It protects you from poison
 j - the +8 sling of Itedd {antimagic, rC+}
   (You found it on level 2 of the Dungeon)

   rC+:       It protects you from cold.
 y - a +2 dagger of speed
Missiles
 g - 25 stones (quivered)
 u - 5 darts of dispersal
 x - a curare-tipped dart
Armour
 b - a +0 scale mail (worn)
 c - a +0 buckler (worn)
 e - a +0 pair of boots (worn)
 w - a +0 pair of gloves (worn)
Jewellery
 p - the ring of Xosaef (left hand) {Will+ Slay+4}
   (You found it on level 3 of the Dungeon)

   [ring of slaying]

   Slay+4:    It affects your accuracy & damage with ranged weapons and melee
   (+4).
   Will+:     It increases your willpower.
Scrolls
 f - 3 scrolls of teleportation
 h - a scroll of revelation {unknown}
 k - a scroll of brand weapon {unknown}
 l - a scroll of amnesia {unknown}
 m - a scroll of fog {unknown}
 o - 2 scrolls of immolation {unknown}
 s - a scroll of identify {unknown}
 t - a scroll of noise {unknown}
 v - a scroll of vulnerability {unknown}
Potions
 d - 2 potions of might
 n - a potion of cancellation {unknown}
 q - a potion of mutation {unknown}
 r - a potion of heal wounds {unknown}


   Skills:
 + Level 3.8 Fighting
 * Level 4.2 Short Blades
 - Level 2.4 Armour
 - Level 2.6 Shields


You had 4 spell levels left.
You didn't know any spells.
Your spell library contained the following spells:

 Spells                   Type           Power      Damage    Failure   Level
 Sandblast                Erth           0%         2d4       86%         1
 Shock                    Conj/Air       0%         1d3       86%         1
 Blink                    Tloc           0%         N/A       94%         2
 Lesser Beckoning         Tloc           0%         N/A       94%         2
 Momentum Strike          Conj/Tloc      0%         3d8       94%         2
 Passwall                 Erth           0%         N/A       99%         3
 Stone Arrow              Conj/Erth      0%         3d7       99%         3
 Swiftness                Air            0%         N/A       99%         3
 Airstrike                Air            0%         2d(0-16)  100%        4
 Brom's Barrelling Bould  Conj/Erth      0%         2d3       100%        4


Dungeon Overview and Level Annotations

Branches:
Dungeon (4/15)              Sewer (1/1)
 Temple: D:4-7

Altars:


Innate Abilities, Weirdness & Mutations

You have extremely sharp teeth.
Your natural rate of healing is unusually fast.
When hurt, damage is shared between your health and your magic reserves.
Your bite disrupts and absorbs the magic of your enemies.
Potions cannot restore your health.


Message History

The brain worm's bulging head throbs.
Something gnaws on your mind!
You feel your power leaking away.
Your unstable footing causes you to fumble your attack.
The river rat closely misses you.
The brain worm's throbbing head pulsates.
Something gnaws on your mind!
You feel your power leaking away.
You hit the river rat but do no damage. You bite the river rat.
You drain its power.
You feel invigorated.
The river rat is heavily wounded.
You block the river rat's attack.
The brain worm's throbbing head pulsates.
Something gnaws on your mind!
* * * LOW HITPOINT WARNING * * *
You feel your power leaking away.
The river rat bites you but does no damage.
The river rat attacks as it pursues you!
The river rat bites you but does no damage.
The river rat barely misses you.
You hit the river rat. Your bite misses the river rat.
The river rat is severely wounded.
The river rat bites you.
* * * LOW HITPOINT WARNING * * *
You hit the river rat.
The river rat is almost dead.
The river rat bites you!
* * * LOW HITPOINT WARNING * * *
You puncture the river rat!
You kill the river rat!
You enter the shallow water.
Moving in this stuff is going to be slow.
You enter the shallow water.
Moving in this stuff is going to be slow.
The brain worm's throbbing head pulsates.
Something gnaws heavily on your mind!
* * * LOW HITPOINT WARNING * * *
The brain worm's throbbing head pulsates.
Something gnaws heavily on your mind!
You die...

######~~~##~#. #~#
#~~~~~.~###~#. #~# ##
######~.# #~#. #~### P##
#.~~.~.## #~#P #~#.# #.#
#.~~...# #~##
#~#.####P####P~~..# #~## ≈
#w#.~~~~~~~~~~~.~## # ≈≈≈
#~#~#########)~~## ≈≈≈≈
#~#.~..~@..~.~~.~~~~~
≈≈≈≈≈#~#.~~~.~..~.~~.#####
≈≈≈≈≈≈.~.†~..~.~~~~~~~.#
≈≈≈≈≈≈P~Pw...P~~~~.....#
≈≈≈≈≈≈≈.~~.~~~.~~~~.~.~#
≈≈≈≈≈≈≈..~.PPP~~.~.~..~.
≈≈≈≈≈≈≈≈~..#~#~~~~..~..~.
≈≈≈≈≈≈≈≈~~.#~#.~~P.PP.
≈≈≈≈≈≈≈≈≈≈≈#~# ≈~


You could see a brain worm.

Vanquished Creatures
  A kobold brigand (Sewer)
  A gnoll (D:1)
  3 adders
  A river rat (Sewer)
  A dart slug (D:3)
  11 endoplasms
  5 giant cockroaches
  2 goblins (D:3)
  4 hobgoblins
  8 kobolds
  5 quokkas
  4 ball pythons
  4 bats
  6 frilled lizards
  4 rats
60 creatures vanquished.

Notes
Turn   | Place    | Note
-------+----------+-------------------------------------------
     0 | D:1      | Strat the Vine Stalker Fighter began the quest for the Orb.
     0 | D:1      | Reached XP level 1. HP: 11/11 MP: 2/2
     6 | D:1      | Noticed a basilisk
     6 | D:1      | Noticed a tyrant leech
     6 | D:1      | Noticed a ragged hierophant
     7 | D:1      | Noticed an ettin
    51 | D:1      | Reached skill level 2 in Short Blades
   119 | D:1      | Reached XP level 2. HP: 7/16 MP: 3/3
   215 | D:1      | Found a faded altar of an unknown god.
   255 | D:1      | Reached XP level 3. HP: 20/20 MP: 4/4
   410 | D:2      | Reached skill level 3 in Short Blades
   430 | D:2      | Identified the +5 mace of Gyfetwam {freeze, rPois}
   470 | D:2      | Identified the +8 sling of Itedd {antimagic, rC+}
   558 | D:2      | Reached XP level 4. HP: 24/24 MP: 3/5
   833 | D:3      | Identified the ring of Xosaef {Will+ Slay+4}
  1196 | D:3      | Found a glowing drain.
  1209 | Sewer    | Entered a sewer
  1216 | Sewer    | Noticed a kobold brigand
  1234 | Sewer    | Killed a kobold brigand
  1235 | Sewer    | Reached skill level 4 in Short Blades
  1235 | Sewer    | Reached XP level 5. HP: 24/29 MP: 2/6
  1317 | Sewer    | Killed from afar by a brain worm

Illustrated notes

Levels and vault maps discovered:
D:1:      onia_arrival_zoo_common, layout_loops_cross,
          shapermc_ecumenical_altar_hornbeckon
D:2:      minmay_chambers_of_twos, layout_basic, grunt_ministairs_2
D:3:      layout_loops_cross, gup_sewer_entry_pipe
D:4:      layout_cave_pools, minmay_temple_entry_glass
Sewer:    sewer_co_scattered_pipes

Skill      XL: |  1  2  3  4 |
---------------+-------------+-----
Short Blades   | 2 3 4 |  4.2
Fighting       | 3 |  3.8
Armour         | |  2.4
Shields        | |  2.6

Action                     |  1- 3 |  4- 6 || total
---------------------------+-------+-------++-------
  Melee: Rapier            |    76 |    71 ||   147
         Bite              |    14 |    19 ||    33
    Use: Scroll            |       |     1 ||     1
 Armour: Scale mail        |    39 |    39 ||    78
  Dodge: Dodged            |    37 |    18 ||    55
  Block: Buckler           |    18 |     9 ||    27
